 Dungeon Crawl Stone Soup version 0.30-a0-393-g54b8e3be05 (webtiles) character file.

Game seed: 7676480434426104879

86496 avis the Marksdemigod (level 15, -5/132 HPs)
             Began as a Demigod Ice Elementalist on Dec 4, 2022.
             Slain by a salamander
             ... wielding a +4 vorpal trident
              (22 damage)
             ... on level 1 of the Snake Pit on Dec 5, 2022.
             The game lasted 04:39:18 (31268 turns).

avis the Marksdemigod (Demigod Ice Elementalist)   Turns: 31268, Time: 04:39:19

Health: -5/132     AC: 15    Str: 14    XL:     15   Next: 2%
Magic:  18/23      EV: 32    Int: 14    God:
Gold:   1124       SH:  0    Dex: 44    Spells: 13/20 levels left

rFire   x . .      SeeInvis .    a - +0 shortbow (flame)
rCold   . . .      Faith    .    (shield currently unavailable)
rNeg    + + +      Spirit   .    q - +1 robe "Vatodofu" {rPois rN+ Regen+ Dex+4}
rPois   +          Reflect  .    A - +0 helmet
rElec   .          Harm     .    k - +0 cloak
rCorr   .          Rampage  .    x - +0 pair of gloves
Will    +....                    t - +0 pair of boots
Stlth   ++++++....               K - macabre finger necklace {rN+}
HPRegen 1.22/turn                v - ring "Lezxaar" {*Corrode +Blink rF- AC+4 Str+5}
MPRegen 0.18/turn                D - ring of Circularity {rPois rN+ Int-3 Slay+6 Stlth+}
                                 Q - +6 ring of dexterity

@: lethally poisoned (-5 -> -6), ice-armoured (expiring), corroded, freezing
walls, hasted, very quick
A: high MP 1, forlorn, divine attributes
a: Evoke Blink


You were on level 1 of the Snake Pit.
You visited 6 branches of the dungeon, and saw 21 of its levels.

You collected 2046 gold pieces.
You spent 922 gold pieces at shops.

Inventory:

Hand Weapons
 a - a +0 shortbow of flaming (weapon)
 b - a +0 arbalest
 c - a +0 shortbow
 r - a +0 longbow
 w - a +0 rapier of protection
Missiles
 S - a throwing net
 W - 6 poisoned darts
Armour
 k - a +0 cloak (worn)
 q - the +1 robe "Vatodofu" (worn) {rPois rN+ Regen+ Dex+4}
   (You found it on level 2 of the Dungeon)

   Dex:       It affects your dexterity (+4).
   rPois:     It protects you from poison.
   rN:        It protects you from negative energy.
   Regen:     It increases your rate of health regeneration.
 t - a +0 pair of boots (worn)
 x - a +0 pair of gloves (worn)
 A - a +0 helmet (worn)
Jewellery
 v - the ring "Lezxaar" (left hand) {*Corrode +Blink rF- AC+4 Str+5}
   (You found it on level 4 of the Dungeon)

   [ring of protection]

   AC:        It affects your AC (+4).
   Str:       It affects your strength (+5).
   rF:        It makes you vulnerable to fire.
   +Blink:    It lets you blink.
   *Corrode:  It may corrode you when you take damage.
 D - the ring of Circularity (right hand) {rPois rN+ Int-3 Slay+6 Stlth+}
   (You found it on level 4 of the Lair of Beasts)

   [ring of poison resistance]

   Int:       It affects your intelligence (-3).
   Slay:      It affects your accuracy & damage with ranged weapons and melee
   (+6).
   rPois:     It protects you from poison.
   rN:        It protects you from negative energy.
   Stlth:     It makes you more stealthy.
 E - a ring of willpower
 G - a ring of fire
 K - the macabre finger necklace (around neck) {rN+}
   (You found it on level 5 of the Lair of Beasts)

   [amulet of nothing]

   It enables you to equip an extra ring.
   rN:        It protects you from negative energy.
 M - a ring of magical power
 O - a ring of poison resistance
 Q - a +6 ring of dexterity (on amulet)
Wands
 j - a wand of charming (10)
 y - a wand of light (10)
 F - a wand of mindburst (8)
 L - a wand of flame (52)
 P - a wand of digging (4)
 R - a wand of roots (5)
Scrolls
 h - 4 scrolls of blinking
 n - 5 scrolls of magic mapping {unknown}
 o - 2 scrolls of noise
 p - 5 scrolls of immolation {unknown}
 s - 5 scrolls of teleportation
 B - 7 scrolls of enchant weapon {unknown}
 C - 2 scrolls of poison {unknown}
 I - 2 scrolls of fear
 N - 2 scrolls of enchant armour {unknown}
 T - 3 scrolls of fog {unknown}
 U - a scroll of brand weapon
Potions
 d - 2 potions of heal wounds
 f - 2 potions of resistance
 g - 3 potions of brilliance
 i - 2 potions of magic
 m - 3 potions of cancellation
 u - 7 potions of lignification
 z - 7 potions of curing
 J - 4 potions of invisibility
 V - 4 potions of flight
 X - 3 potions of might
Miscellaneous
 e - a lightning rod (4/4)
 H - a phial of floods


   Skills:
 - Level 12.0 Fighting
 - Level 16.0 Ranged Weapons
 - Level 6.0 Armour
 * Level 11.8 Dodging
 - Level 5.0 Stealth
 - Level 3.0 Spellcasting
 - Level 8.0 Ice Magic
 - Level 5.0 Evocations


You had 13 spell levels left.
You knew the following spells:

 Your Spells              Type           Power      Damage    Failure   Level
a - Freeze                Ice            96%        1d10      1%          1
o - Ozocubu's Armour      Ice            24%        N/A       2%          3
r - Frozen Ramparts       Ice            48%        1d8       2%          3

Your spell library contained the following spells:

 Spells                   Type           Power      Damage    Failure   Level
 Foxfire                  Conj/Fire      8%         2x1d4     22%         1
 Necrotise                Necr           8%         1d4       22%         1
 Sting                    Tmut/Pois      8%         1d3       22%         1
 Cigotuvi's Dreadful Rot  Necr/Pois/Air  4%         N/A       32%         2
 Poisonous Vapours        Pois/Air       4%         N/A       32%         2
 Summon Ice Beast         Ice/Summ       13%        N/A       38%         4
 Gell's Gravitas          Tloc           2%         N/A       54%         3
 Lesser Beckoning         Tloc           4%         N/A       54%         3
 Mephitic Cloud           Conj/Pois/Air  2%         N/A       54%         3
 Teleport Other           Tloc           2%         N/A       54%         3
 Tukima's Dance           Hex            2%         N/A       54%         3
 Vampiric Draining        Necr           2%         2d6       54%         3
 Metabolic Englaciation   Hex/Ice        6%         N/A       75%         5
 Anguish                  Hex/Necr       1%         N/A       91%         4
 Cause Fear               Hex            1%         N/A       91%         4
 Olgreb's Toxic Radiance  Pois           2%         N/A       91%         4
 Passage of Golubria      Tloc           2%         N/A       91%         4
 Agony                    Necr           2%         N/A       99%         5
 Fireball                 Conj/Fire      1%         3d3       99%         5
 Yara's Violent Unravell  Hex/Tmut       1%         3d3       99%         5
 Simulacrum               Ice/Necr       6%         N/A       99%         6
 Starburst                Conj/Fire      1%         6d3       100%        6
 Dragon Form              Tmut           1%         N/A       100%        7
 Discord                  Hex            1%         N/A       100%        8
 Dragon's Call            Summ           1%         N/A       100%        9


Dungeon Overview and Level Annotations

Branches:
Dungeon (11/15)            Temple (1/1) D:4            Lair (5/5) D:10
 Shoals (1/4) Lair:3        Snake (1/4) Lair:2        Slime (0/5) Lair:4
    Orc (2/2) D:11            Elf (0/3) Orc:2

Shops:
D:6 *   Orc:2 *!=

Portals:
Abyss: Lair:5

Annotations:
D:3 1 runed translucent door, exclusion: door, Crazy Yiuf
D:9 3 runed translucent doors


Innate Abilities, Weirdness & Mutations

You have an increased reservoir of magic. (+10% MP)
You shall have no god before yourself.
Your divine heritage dramatically boosts your attributes as you level up.


Message History

Aizul is severely wounded.
You feel sick.
The wall freezes Aizul but does no damage.
Aizul hits you.
Fire: a) +0 shortbow (flame)
Press: ? - help, Q - select action, (/) - cycle Shift-Dir - straight line, f/p - Aizul
Aim: Aizul (severely wounded, 68% to hit)
You shoot an arrow. The arrow hits Aizul!
The arrow burns Aizul.
Aizul is almost dead.
Unknown command.
Fire: a) +0 shortbow (flame)
Press: ? - help, Q - select action, (/) - cycle Shift-Dir - straight line, f/p - Aizul
Aim: Aizul (almost dead, 68% to hit)
You shoot an arrow. The arrow hits Aizul!
The arrow burns Aizul.
You kill Aizul!
You feel sick.
The wall freezes the salamander but does no damage.
The salamander hits you!
You are engulfed in flames!
The fire burns you terribly!
Your corrosive artefact corrodes you!
The wall freezes the salamander but does no damage.
The salamander misses you. The heat melts your icy armour.
Fire: a) +0 shortbow (flame)
Press: ? - help, Q - select action, (/) - cycle Shift-Dir - straight line, f - salamander
Aim: a salamander (lightly wounded, strong, 86% to hit)
You shoot an arrow. The arrow hits the salamander.
The salamander is lightly wounded.
You feel sick.
The wall freezes the naga.
Fire: a) +0 shortbow (flame)
Press: ? - help, Q - select action, (/) - cycle Shift-Dir - straight line, f - naga, p - salamander
Aim: a naga, wielding a +0 war axe (lightly wounded, strong, 81% to hit)
You shoot an arrow. The arrow hits the salamander!
The salamander is moderately wounded.
The salamander is frozen!
The wall freezes the salamander.
The salamander closely misses you.
The salamander is frozen!
The wall freezes the salamander.
The salamander hits you from afar with a +4 vorpal trident!!
* * * LOW HITPOINT WARNING * * *
You are engulfed in flames!!
The fire burns you terribly!
You die...

.........##.# #...# #.
........##.## #...##
#. .........#.# ##...#
#. .........†.# #...##
#. .#.....##.#
#####...## #.
########.##..#
##...###. ##..#.#
##...###
#########....# #...###
...N†N.@.....# ##...#
...##NN#.....# #...#
##...#..#.######...#
#.......#.........###
#........#.....)..#..
.#.........#.......##.
..........###.....####
#..........###...####.
##.........########..


You could see a naga warrior, 2 salamanders and a naga (strong).

Vanquished Creatures
  Aizul (Snake:1)
  Snorg (D:11)
  A merfolk javelineer (Shoals:1)
  An ettin (Orc:1)
  A merfolk impaler (Shoals:1)
  A hydra (Lair:5)
  An anaconda (Snake:1)
  2 centaur warriors
  3 boulder beetles
  4 two-headed ogres
  2 merfolk aquamancers (Shoals:1)
  4 orc high priests
  Urug (D:10)
  9 death yaks
  4 thrashing horrors (Lair:5)
  Sonja (Lair:2)
  4 sea snakes (Shoals:1)
  3 harpies (Shoals:1)
  A large abomination (Lair:5)
  A harpy (shapeshifter) (Lair:5)
  11 orc knights
  2 ugly things (Lair:5)
  A mana viper (Snake:1)
  4 manticores (Shoals:1)
  4 fauns (Shoals:1)
  2 cyclopes
  A salamander (Snake:1)
  7 orc sorcerers
  7 elephants
  7 black mambas
  2 merfolk sirens (Shoals:1)
  A guardian serpent (Snake:1)
  9 cane toads
  8 komodo dragons
  3 rime drakes
  2 ancient zymes (Lair:5)
  9 trolls
  8 merfolk (Shoals:1)
  2 polar bears
  33 blink frogs
  A hornet (D:9)
  15 dream sheep
  A snapping turtle (Shoals:1)
  A culicivora (shapeshifter) (Lair:5)
  A shadow (D:11)
  4 wyverns
  A spriggan (Lair:5)
  6 water elementals (Shoals:1)
  35 yaks
  A wraith (D:10)
  3 ynoxinuls (Lair:5)
  5 basilisks
  3 wargs
  A chaos spawn (Lair:5)
  Edmund (D:6)
  8 nagas
  9 water moccasins
  32 orc warriors
  Duvessa (D:6)
  An ice beast (D:6)
  A sky beast (D:8)
  12 black bears
  17 wolves
  8 small abominations
  7 centaurs
  7 ogres
  3 kobold brigands
  16 bullfrogs
  5 scorpions
  A necrophage (D:6)
  6 wights
  Dowan (D:6)
  23 killer bees
  4 electric eels
  4 howler monkeys
  2 centaur zombies (D:9)
  A gnoll bouda (Orc:1)
  A jelly (D:8)
  15 orc priests
  3 hounds (D:5)
  6 iguanas
  Terence (D:3)
  27 orc wizards
  8 gnolls
  6 adders
  3 shadow imps
  2 white imps
  4 ufetubi
  A worm (D:5)
  3 dart slugs
  72 orcs
  6 bats
  8 endoplasms
  2 giant cockroaches
  5 goblins
  2 hobgoblins
  10 jackals
  24 kobolds
  6 quokkas
  6 ball pythons
  5 frilled lizards
  7 rats
650 creatures vanquished.

Vanquished Creatures (others)
  27 fungi
  45 plants
72 creatures vanquished.

Grand Total: 722 creatures vanquished

Notes
Turn   | Place    | Note
-------+----------+-------------------------------------------
     0 | D:1      | avis the Demigod Ice Elementalist began the quest for the
                  | Orb.
     0 | D:1      | Reached XP level 1. HP: 14/14 MP: 5/5
   221 | D:1      | Reached XP level 2. HP: 20/20 MP: 1/7
   353 | D:1      | Reached skill level 1 in Fighting
   551 | D:1      | Reached XP level 3. HP: 28/28 MP: 5/9
   631 | D:1      | Learned a level 3 spell: Frozen Ramparts
   635 | D:1      | Learned a level 3 spell: Ozocubu's Armour
  1704 | D:2      | Identified the +1 robe "Vatodofu" {rPois rN+ Regen+ Dex+4}
  2130 | D:2      | Reached XP level 4. HP: 36/36 MP: 3/11
  3182 | D:3      | Noticed Terence
  3272 | D:3      | Killed Terence
  3620 | D:3      | Found a runed translucent door.
  3621 | D:3      | Noticed Crazy Yiuf
  4044 | D:4      | Reached XP level 5. HP: 29/45 MP: 5/12
  4262 | D:4      | Identified the ring "Lezxaar" {*Corrode +Blink rF- AC+4
                  | Str+5}
  4328 | D:4      | Identified the +0 ring mail of Integrity {Rampage}
  4575 | D:4      | Found a staircase to the Ecumenical Temple.
  4648 | D:4      | Reached skill level 5 in Ice Magic
  4938 | D:5      | Entered Level 5 of the Dungeon
  5059 | D:4      | Reached XP level 6. HP: 23/51 MP: 6/13
  5232 | D:5      | Reached XP level 7. HP: 24/57 MP: 4/14
  5237 | D:5      | Reached skill level 1 in Armour
  7110 | D:6      | Reached skill level 1 in Ranged Weapons
  7115 | D:6      | Reached XP level 8. HP: 63/63 MP: 15/15
  7182 | D:6      | Noticed Edmund
  7195 | D:6      | Killed Edmund
  7196 | D:6      | Reached skill level 2 in Ranged Weapons
  7318 | D:6      | Reached skill level 3 in Ranged Weapons
  7454 | D:6      | Reached skill level 4 in Ranged Weapons
  7612 | D:6      | Found Ukkumi Fiwk's Lightly-Used Armoury.
  7623 | D:6      | Noticed Duvessa
  7623 | D:6      | Noticed Dowan
  7633 | D:6      | Killed Dowan
  7636 | D:6      | Killed Duvessa
  7637 | D:6      | Reached skill level 5 in Ranged Weapons
  8778 | D:7      | Identified the -1 cloak of the Amoeba {rC++}
  8862 | D:7      | Reached skill level 6 in Ranged Weapons
  8998 | D:7      | Reached XP level 9. HP: 69/72 MP: 16/16
  9207 | D:7      | Reached skill level 5 in Fighting
  9821 | D:8      | Noticed a two-headed ogre
  9851 | D:8      | Killed a two-headed ogre
  9852 | D:8      | Reached skill level 5 in Armour
  9852 | D:8      | Reached skill level 5 in Dodging
 10625 | D:9      | Reached skill level 5 in Stealth
 10715 | D:9      | Reached skill level 7 in Ranged Weapons
 10719 | D:9      | Reached XP level 10. HP: 79/81 MP: 17/17
 10893 | D:9      | Found a runed translucent gate.
 10893 | D:9      | Found a runed translucent gate.
 10893 | D:9      | Found a runed translucent gate.
 10893 | D:9      | Noticed a white ugly thing
 10893 | D:9      | Noticed a cyan ugly thing
 10895 | D:9      | Noticed a brown ugly thing
 10897 | D:9      | a merfolk changed into a faun
 10897 | D:9      | Noticed a faun (glowing shapeshifter)
 11151 | D:9      | Noticed a glowing orange brain
 11236 | D:9      | Reached skill level 8 in Ranged Weapons
 11763 | D:10     | Entered Level 10 of the Dungeon
 11838 | D:10     | Noticed a two-headed ogre
 11868 | D:10     | HP: 2/81 [two-headed ogre/+0 giant club (9)]
 11870 | D:10     | Killed a two-headed ogre
 12032 | D:10     | Found a staircase to the Lair.
 12223 | Lair:1   | Entered Level 1 of the Lair of Beasts
 12282 | Lair:1   | Noticed a black mamba
 12285 | Lair:1   | Reached skill level 9 in Ranged Weapons
 12292 | Lair:1   | Killed a black mamba
 12406 | Lair:1   | Reached skill level 10 in Ranged Weapons
 12663 | Lair:1   | Reached XP level 11. HP: 85/89 MP: 13/19
 13054 | Lair:1   | Noticed a boulder beetle
 13154 | Lair:1   | Killed a boulder beetle
 13343 | Lair:1   | Reached skill level 11 in Ranged Weapons
 13995 | Temple   | Entered the Ecumenical Temple
 14496 | Lair:2   | Reached skill level 12 in Ranged Weapons
 14999 | Lair:2   | Noticed Sonja
 15059 | Lair:2   | Killed Sonja
 15241 | Lair:2   | Reached XP level 12. HP: 100/100 MP: 13/20
 15780 | Lair:2   | Found a staircase to the Snake Pit.
 16673 | D:10     | Identified the +6 quarterstaff of the Festooned God {pain,
                  | Dex+3}
 16673 | D:10     | Noticed Urug
 16848 | D:10     | Killed Urug
 17786 | Lair:3   | Reached skill level 13 in Ranged Weapons
 17892 | Lair:3   | Found a staircase to the Shoals.
 18397 | Lair:3   | Noticed a boulder beetle
 18457 | Lair:3   | Killed a boulder beetle
 19242 | Lair:4   | Reached skill level 14 in Ranged Weapons
 19425 | Lair:4   | Found a staircase to the Slime Pits.
 19767 | Lair:4   | Reached XP level 13. HP: 107/110 MP: 9/21
 20114 | Lair:4   | Identified the ring of Circularity {rPois rN+ Int-3 Slay+6
                  | Stlth+}
 20325 | Lair:4   | Reached skill level 1 in Evocations
 20883 | Lair:5   | Entered Level 5 of the Lair of Beasts
 21593 | Lair:5   | Reached skill level 5 in Evocations
 22113 | Lair:5   | Reached skill level 10 in Fighting
 22849 | Lair:5   | Got the Verses on Execration and the Birds
 23067 | Lair:5   | Reached skill level 10 in Dodging
 23652 | Lair:5   | Found a one-way gate to the infinite horrors of the Abyss.
 23653 | Lair:5   | Found the macabre finger necklace {rN+}
 24157 | D:11     | Noticed Snorg
 24176 | D:11     | Killed Snorg
 25011 | D:11     | Reached XP level 14. HP: 121/121 MP: 16/22
 25102 | D:11     | Found a staircase to the Orcish Mines.
 25563 | Orc:1    | Entered Level 1 of the Orcish Mines
 25687 | Orc:1    | Paralysed by an orc sorcerer for 3 turns
 25693 | Orc:1    | Reached skill level 15 in Ranged Weapons
 26991 | Orc:2    | Entered Level 2 of the Orcish Mines
 27092 | Orc:1    | Reached skill level 16 in Ranged Weapons
 27780 | Orc:2    | Found a staircase to the Elven Halls.
 27836 | Orc:2    | Paralysed by an orc sorcerer for 4 turns
 28031 | Orc:2    | Paralysed by an orc sorcerer for 5 turns
 28880 | Orc:2    | Found Monem's General Store.
 28995 | Orc:2    | Found Qaurudwaikk's Jewellery Boutique.
 29004 | Orc:2    | Found Eviuh's Distillery.
 29007 | Orc:2    | Found Faopn's Magic Scroll Shoppe.
 29393 | Orc:2    | Bought a potion of curing for 45 gold pieces
 29393 | Orc:2    | Bought a potion of curing for 45 gold pieces
 29393 | Orc:2    | Bought a potion of flight for 45 gold pieces
 29393 | Orc:2    | Bought 2 potions of cancellation for 240 gold pieces
 29393 | Orc:2    | Bought a potion of might for 60 gold pieces
 29401 | Orc:2    | Bought a scroll of fear for 52 gold pieces
 29401 | Orc:2    | Bought a scroll of identify for 26 gold pieces
 29401 | Orc:2    | Bought a scroll of identify for 26 gold pieces
 29401 | Orc:2    | Bought 2 scrolls of silence for 247 gold pieces
 29401 | Orc:2    | Bought a scroll of teleportation for 39 gold pieces
 29411 | Orc:2    | Bought a scroll of blinking for 97 gold pieces
 29654 | Shoals:1 | Entered Level 1 of the Shoals
 30821 | Lair:1   | Upgraded the game from 0.30-a0-390-g80c34de65d to
                  | 0.30-a0-393-g54b8e3be05
 30874 | Snake:1  | Entered Level 1 of the Snake Pit
 31252 | Snake:1  | Noticed Aizul
 31253 | Snake:1  | Reached XP level 15. HP: 127/132 MP: 19/23
 31266 | Snake:1  | Killed Aizul
 31268 | Snake:1  | Slain by a salamander

Illustrated notes

Levels and vault maps discovered:
D:1:      giann_forest_graveyard, layout_basic
D:2:      layout_loops_ring, nicolae_ecumenical_lake_church, basic_altar,
          chequers_avenue
D:3:      layout_basic, nicolae_concentric_dashed_squares_wild, uniq_terence,
          uniq_crazy_yiuf_cottage
D:4:      layout_rooms, minmay_temple_entry_slanted, kennysheep_path_1
D:5:      layout_layer_cave, grunt_tough_drop
D:6:      layout_basic, trog_book, mainiacjoe_overflow_catch_the_wave,
          hellmonk_okawaru_the_only_friend_you_need, kennysheep_big_empty_room,
          minmay_shop_damaged, uniq_edmund, uniq_duvessa
D:7:      layout_cave_pods, grunt_qazlal_clouds, dk_noncrumbling_3,
          water_maze_lemuel
D:8:      layout_basic
D:9:      layout_layer_cave, lemuel_zombie_altar_yredelemnul,
          lemuel_crystal_altar, ploomutoo_gammafunk_ghost_potion_laboratory,
          minivault_1
D:10:     layout_grid_maze, grunt_lair_entry_orc_guard_hut, uniq_urug
D:11:     layout_layer_cave, david_orc_4, uniq_snorg
Temple:   minmay_freezing_vapour_temple
Lair:1:   layout_hall_layers, infiniplex_staircase_pool_2
Lair:2:   layout_roguey, minmay_snake_entry_guardpost_medium,
          grunt_forest_stairs_basic, beast_lair_carwin_7, uniq_sonja
Lair:3:   layout_gridlike, elwin_shoals_entry_rooms, basic_altar
Lair:4:   layout_cave_shapes, slime_entry_1, chequers_serial_rivers_small_a,
          grunt_megastairs_5
Lair:5:   hellmonk_lair_end_abyssal_woods, layout_regular_city
Shoals:1: layout_shoals, hangedman_feature_mirror
Snake:1:  gammafunk_the_bubble [the_bubble_gammafunk_plus_minus],
          layout_chambers, serial_shops, nicolae_take_the_stairs,
          eino_curves_02, uniq_aizul
Orc:1:    layout_diamond_mine, special_room [special_room_orc]
Orc:2:    st_orc_elflike, layout_caves

Skill      XL: |  1  2  3  4  5  6  7  8  9 10 11 12 13 14 |
---------------+-------------------------------------------+-----
Ice Magic      | 4 5 6 7 8 |  8.0
Spellcasting   | 2 3 |  3.0
Fighting       | 1 2 3 4 5 7 8 10 12 | 12.0
Dodging        | 2 4 5 7 8 10 11 | 11.8
Stealth        | 2 5 |  5.0
Armour         | 3 5 6 |  6.0
Ranged Weapons | 1 6 7 10 12 14 16 | 16.0
Evocations     | 5 |  5.0

Action                   |  1- 3 |  4- 6 |  7- 9 | 10-12 | 13-15 || total
-------------------------+-------+-------+-------+-------+-------++-------
Melee: Dagger            |     7 |    19 |       |       |       ||    26
       Flail             |     5 |    36 |    10 |       |       ||    51
       Rapier            |       |       |   120 |   640 |   110 ||   870
       Punch             |       |       |       |    14 |     4 ||    18
 Fire: Sling             |       |    14 |    83 |       |       ||    97
       Shortbow          |       |       |   102 |   371 |   795 ||  1268
       Arbalest          |       |       |       |       |   208 ||   208
       Longbow           |       |       |       |       |    12 ||    12
Throw: Dart              |     3 |       |       |     1 |       ||     4
 Cast: Freeze            |    45 |    19 |     1 |     1 |       ||    66
       Frozen Ramparts   |    12 |    24 |    56 |   110 |    66 ||   268
       Ozocubu's Armour  |     3 |     8 |    45 |    80 |   106 ||   242
 Abil: Evoke Blink       |       |       |       |       |     2 ||     2
Evoke: Wand              |       |       |       |       |     1 ||     1
  Use: Scroll            |       |       |     1 |     7 |    10 ||    18
       Potion            |       |       |       |     1 |     4 ||     5
 Stab: Sleeping          |     1 |     6 |       |       |       ||     7
Armor: Robe              |     5 |    72 |    80 |   399 |   131 ||   687
Dodge: Dodged            |    15 |   132 |   150 |  1090 |   580 ||  1967

Table legend: (Time is in decaauts)
 A = Elapsed time spent in this place.
 B = Non-inter-level travel time spent in this place.
 C = Inter-level travel time spent in this place.
 D = Time resting spent in this place.
 E = Time spent auto-exploring this place.
 F = Levels seen in this place.
 G = Mean time per level.
                   A        B        C        D        E       F      G
               +--------+--------+--------+--------+--------+-----+--------+
         Total |  31322 |  26629 |   4693 |   7988 |   9497 |  21 | 1491.5 |
       Dungeon |  16161 |  13674 |   2487 |   3433 |   7128 |  11 | 1469.2 |
        Temple |     17 |     17 |      0 |      0 |      0 |   1 |   17.0 |
          Lair |  10197 |   8528 |   1669 |   3045 |   2091 |   5 | 2039.4 |
        Shoals |   1161 |   1071 |     90 |    233 |     26 |   1 | 1161.0 |
     Snake Pit |    382 |    382 |      0 |    109 |      0 |   1 |  382.0 |
  Orcish Mines |   3401 |   2956 |    445 |   1168 |    252 |   2 | 1700.5 |
               +--------+--------+--------+--------+--------+-----+--------+

Top non-repeatable levels by time:
  Lair:5: 2399 daAuts
    D:10: 2202 daAuts
  Lair:2: 2114 daAuts
     D:5: 2091 daAuts
  Lair:1: 2087 daAuts
   Orc:1: 1910 daAuts
  Lair:3: 1883 daAuts
    D:11: 1729 daAuts
  Lair:4: 1712 daAuts
     D:1: 1648 daAuts
   Orc:2: 1491 daAuts
     D:6: 1462 daAuts
     D:2: 1412 daAuts
     D:9: 1360 daAuts
Shoals:1: 1161 daAuts
